 Dungeon Crawl Stone Soup version 0.30-a0-939-gc8157cb160 (webtiles) character file.

Game seed: 9759871364898283049

842 mandoloar the Trooper (level 7, -2/60 HPs)
             Began as a Demigod Fighter on Mar 25, 2023.
             Slain by an orc warrior
             ... wielding a +0 dire flail
              (16 damage)
             ... on level 6 of the Dungeon.
             The game lasted 00:13:26 (7437 turns).

mandoloar the Trooper (Demigod Fighter)             Turns: 7437, Time: 00:13:26

Health: -2/60      AC: 10    Str: 25    XL:     7   Next: 40%
Magic:  13/13      EV:  9    Int: 10    God:
Gold:   323        SH:  7    Dex: 13    Spells: 10/10 levels left

rFire   . . .      SeeInvis .    a - +0 flail (flame)
rCold   + . .      Faith    .    x - +2 buckler
rNeg    . . .      Spirit   .    b - +0 scale mail
rPois   .          Reflect  .    (no helmet)
rElec   .          Rampage  .    (no cloak)
rCorr   .                        h - +0 pair of gloves
Will    .....                    l - +1 pair of boots Stlth
                                 (no amulet)
HPRegen 0.30/turn                j - ring of protection from cold
MPRegen 0.13/turn                (no ring)

@: no status effects
A: high MP 1, forlorn, divine attributes
a: no special abilities


You were on level 6 of the Dungeon.
You visited 2 branches of the dungeon, and saw 7 of its levels.

You collected 323 gold pieces.

Inventory:

Hand Weapons
 a - a +0 flail of flaming (weapon)
Missiles
 g - 42 stones (quivered)
Armour
 b - a +0 scale mail (worn)
 h - a +0 pair of gloves (worn)
 l - a +1 pair of boots (worn)
 x - a +2 buckler (worn)
Jewellery
 j - a ring of protection from cold (left hand)
Wands
 u - a wand of light (12)
 w - a wand of flame (9)
Scrolls
 i - 2 scrolls of fear
 k - a scroll of brand weapon
 o - a scroll of poison
 p - a scroll of amnesia
 r - a scroll of enchant weapon {unknown}
 v - 4 scrolls of identify
Potions
 d - a potion of might
 e - a potion of curing
 f - 2 potions of brilliance
 m - a potion of resistance
 n - a potion of lignification
 q - a potion of heal wounds {unknown}
 s - 2 potions of mutation {unknown}
 t - 2 potions of flight {unknown}


   Skills:
 + Level 4.6 Fighting
 + Level 4.0 Maces & Flails
 + Level 4.5 Armour
 + Level 4.5 Shields
 + Level 2.3 Spellcasting


You had 10 spell levels left.
You didn't know any spells.
Your spell library contained the following spells:

 Spells                   Type           Power      Damage    Failure   Level
 Sting                    Tmut/Pois      4%         1d3       65%         1
 Blink                    Tloc           2%         N/A       80%         2
 Lesser Beckoning         Tloc           2%         N/A       80%         2
 Momentum Strike          Conj/Tloc      2%         3d8       80%         2
 Poisonous Vapours        Pois/Air       2%         N/A       80%         2
 Olgreb's Toxic Radiance  Pois           1%         N/A       100%        4


Dungeon Overview and Level Annotations

Branches:
Dungeon (6/15)             Temple (1/1) D:5

Shops:
D:4 (

Annotations:
D:4 3 runed translucent doors, bande's ghost, novice GrFi


Innate Abilities, Weirdness & Mutations

You have an increased reservoir of magic. (+10% MP)
You shall have no god before yourself.
Your divine heritage dramatically boosts your attributes as you level up.


Message History

There is a stone staircase leading down here.
The orc warrior unwields a +0 hand axe.
The orc warrior wields a +0 arbalest.
The orc warrior shoots a bolt.
The bolt barely misses you.
You can't go up here!
You block the orc warrior's attack.
You climb downwards.
There is a stone staircase leading up here.
You don't know any spells.
You sock the orc warrior! You burn the orc warrior.
The orc warrior is moderately wounded.
The orc warrior hits you with a +0 dire flail!
You hit the orc warrior. You burn the orc warrior.
The orc warrior is heavily wounded.
The orc warrior hits you with a +0 dire flail!
You barely miss the orc warrior.
The orc warrior is heavily wounded.
The orc warrior barely misses you.
You hit the orc warrior. You burn the orc warrior.
The orc warrior is heavily wounded.
The orc warrior hits you with a +0 dire flail!
The orc warrior closely misses you.
You hit the orc warrior. You burn the orc warrior.
The orc warrior is severely wounded.
The orc warrior completely misses you.
You hit the orc warrior. You burn the orc warrior.
The orc warrior is almost dead.
The orc warrior barely misses you.
You hit the orc warrior but do no damage.
The orc warrior is almost dead.
The orc warrior hits you with a +0 dire flail!
* * * LOW HITPOINT WARNING * * *
You hit the orc warrior but do no damage.
The orc warrior is almost dead.
The orc warrior barely misses you.
The orc warrior hits you with a +0 dire flail.
* * * LOW HITPOINT WARNING * * *
You hit the orc warrior. You burn the orc warrior.
The orc warrior is almost dead.
The orc warrior hits you with a +0 dire flail!
You die...

#.......$.
.........
#.....)..
#<.# ###
#........
##.####.#
.# #.# .#
#o# .# #@#
.# #.###
.# #.<.#
###.# .#
.# .# .#
.#


You could see an orc warrior.

Vanquished Creatures
  A centaur (D:5)
  2 phantoms (D:4)
  A gnoll sergeant (D:5)
  A howler monkey (D:5)
  A gnoll bouda (D:5)
  2 hounds
  2 orc priests (D:5)
  An iguana (D:5)
  5 orc wizards
  12 gnolls
  3 adders
  2 worms (D:3)
  A dart slug (D:2)
  11 orcs
  8 endoplasms
  6 giant cockroaches
  5 goblins
  7 hobgoblins
  3 jackals (D:3)
  5 quokkas
  7 ball pythons
  5 bats
  5 frilled lizards
  4 kobolds
  3 rats
103 creatures vanquished.

Vanquished Creatures (others)
  A bush (D:5)
  4 toadstools (D:1)
5 creatures vanquished.

Grand Total: 108 creatures vanquished

Notes
Turn   | Place    | Note
-------+----------+-------------------------------------------
     0 | D:1      | mandoloar the Demigod Fighter began the quest for the Orb.
     0 | D:1      | Reached XP level 1. HP: 18/18 MP: 3/3
   499 | D:1      | Reached XP level 2. HP: 23/25 MP: 4/4
  1199 | D:2      | Reached XP level 3. HP: 21/31 MP: 5/5
  1425 | D:2      | You fall into a shaft and drop 2 floors!
  1425 | D:4      | Found Wuxury's Firing Range.
  1485 | D:4      | Reached XP level 4. HP: 7/38 MP: 6/6
  2794 | D:3      | Reached XP level 5. HP: 45/45 MP: 7/7
  3625 | D:4      | Reached skill level 1 in Spellcasting
  3793 | D:4      | Reached XP level 6. HP: 52/52 MP: 10/10
  3895 | D:4      | Found a runed translucent gate.
  3896 | D:4      | Found a runed translucent gate.
  3896 | D:4      | Found a runed translucent gate.
  3899 | D:4      | Noticed bande's ghost (novice GrFi)
  4159 | D:5      | Entered Level 5 of the Dungeon
  4229 | D:5      | Found a staircase to the Ecumenical Temple.
  4379 | Temple   | Entered the Ecumenical Temple
  5876 | D:5      | Reached XP level 7. HP: 22/60 MP: 11/13
  7424 | D:5      | Noticed a rust devil
  7424 | D:5      | Noticed a rust devil
  7437 | D:6      | Slain by an orc warrior

Illustrated notes

Levels and vault maps discovered:
D:1:      ldierk_walled_garden_2, layout_loops_ring,
          ebering_ecumenical_altar_sacrificial
D:2:      layout_rooms, grunt_decor_one_mirror, patterned_corridor
D:3:      layout_loops_ring
D:4:      layout_loops_ring, gammafunk_ghost_necromancy,
          nicolae_shop_firing_range
D:5:      cheibrodos_iron_armory, layout_basic, mainiacjoe_overflow_catwalk,
          minmay_temple_entry_statues, kb_lookout_dungeons_type,
          nicolae_zen_rock_garden, chequers_serial_rivers_micro_a
D:6:      lemuel_slime, layout_loops_ring, nicolae_sif_muna_condensation,
          nicolae_ru_the_path_less_chosen, elyvilon_altar_4,
          dancing_weapons_uskayaw, hangedman_decor_opposing, chequers_jeans,
          nrook_mini_backslash
Temple:   nicolae_temple_ecumenical_triangle

Skill      XL: |  1  2  3  4  5  6  7 |
---------------+----------------------+-----
Maces & Flails | 2 3 4 |  4.0
Fighting       | 3 4 |  4.6
Armour         | 3 4 |  4.5
Shields        | 3 4 |  4.5
Spellcasting   | 1 2 |  2.3

Action                     |  1- 3 |  4- 6 |  7- 9 || total
---------------------------+-------+-------+-------++-------
  Melee: Flail             |   147 |   231 |    43 ||   421
  Throw: Stone             |       |     9 |     2 ||    11
    Use: Scroll            |     3 |     9 |       ||    12
         Potion            |     1 |       |       ||     1
 Armour: Scale mail        |    79 |   154 |     9 ||   242
  Dodge: Dodged            |    71 |   115 |    14 ||   200
  Block: Buckler           |    37 |    77 |    10 ||   124

Table legend: (Time is in decaauts)
 A = Elapsed time spent in this place.
 B = Non-inter-level travel time spent in this place.
 C = Inter-level travel time spent in this place.
 D = Time resting spent in this place.
 E = Time spent auto-exploring this place.
 F = Levels seen in this place.
 G = Mean time per level.
                   A        B        C        D        E       F      G
               +--------+--------+--------+--------+--------+-----+--------+
         Total |   7580 |   6945 |    635 |   2421 |   3222 |   7 | 1082.9 |
       Dungeon |   7533 |   6915 |    618 |   2421 |   3204 |   6 | 1255.5 |
        Temple |     46 |     29 |     17 |      0 |     18 |   1 |   46.0 |
               +--------+--------+--------+--------+--------+-----+--------+

Top non-repeatable levels by time:
     D:5: 2918 daAuts
     D:4: 1696 daAuts
     D:1: 1164 daAuts
     D:2: 912 daAuts
     D:3: 822 daAuts
  Temple: 46 daAuts
     D:6: 19 daAuts
